AoeStats
← Chuckles

Arena

510023631Analyzed
1v1 RM · 4d ago on Sep 29, 2026· 44m 33s· 2 players
Game mode
Random Map
Map size
Tiny (2 player)
Population
200
Speed
Normal
Resources
Standard
Victory
Conquest
Starting age
Dark Age
Ending age
Imperial Age
RankedLock teamsTeams togetherTeam positionsShared explorationLock speedFull tech treeHidden civsTurbo modeCheats
Victory
Defeat
🇧🇷 Khmer · Brazil
648
+12
🇺🇸 Koreans · United States
563
-17
Chuckles
11:29 Feudal Age
18:01 Wheelbarrow
19:29 Castle Age
19:36 Stone Mining
19:40 Loom
23:05 Treadmill Crane
23:21 Murder Holes
25:13 Pikeman
29:39 Elite Skirmisher
33:53 Wheelbarrow
33:47 Ballistics
35:34 Stone Shaft Mining
40:36 Imperial Age
38:03 Light Cavalry
40:42 Fortified Wall
42:24 Chemistry
42:43 Thumb Ring
gggiluerj
11:08 Feudal Age
12:48 Loom
15:30 Castle Age
31:47 Imperial Age
29:29 Horse Collar
31:03 Double-Bit Axe
33:54 Bow Saw
38:01 Chemistry
38:10 Heavy Scorpion
39:13 Padded Archer Armor
39:04 Fletching
40:28 Leather Archer Armor
41:07 Wheelbarrow
43:21 Scale Mail Armor
43:32 Forging
44:56 Chain Mail Armor
Connection lost

Rejoining the realm…

Still unreachable

The connection could not be restored.

Session expired

The server has moved on; the page needs a fresh start.